 Dungeon Crawl Stone Soup version 0.20.1-1-g8b1a95d (webtiles) character file.

7526 Irenicus the Severer (level 10, 0/86 HPs)
             Began as a Deep Dwarf Gladiator on Oct 27, 2017.
             Was an Elder of Makhleb.
             Slain by a troll (6 damage)
             ... on level 9 of the Dungeon.
             The game lasted 00:34:43 (7750 turns).

Irenicus the Severer (Deep Dwarf Gladiator)         Turns: 7750, Time: 00:34:45

Health: 0/86       AC:  9    Str: 17    XL:     10   Next: 95%
Magic:  20/20      EV: 13    Int: 10    God:    Makhleb [****..]
Gold:   420        SH:  0    Dex: 17    Spells: 9/9 levels left

rFire    . . .     SeeInvis .   a - +0 war axe
rCold    . . .     Gourm    .   (no shield)
rNeg     . . .     Faith    +   h - +2 leather armour {rPois}
rPois    +         Spirit   .   c - +0 helmet
rElec    .         Reflect  .   e - +1 cloak {MR+}
rCorr    .         Harm     .   s - +0 pair of gloves (curse)
MR       ++...                  (no boots)
Stlth    ++........             G - amulet of faith
Regen    0.0/turn               p - ring of stealth
MPRegen  0.2/turn               F - ring of magical power

@: non-regenerating, hasted, very quick
A: damage resistance, heal wounds, sense surroundings 2, no regeneration
a: Heal Wounds, Minor Destruction, Lesser Servant of Makhleb, Major Destruction,
Renounce Religion


You were on level 9 of the Dungeon.
You worshipped Makhleb.
Makhleb was greatly pleased with you.
You were not hungry.

You visited 2 branches of the dungeon, and saw 10 of its levels.

You collected 490 gold pieces.
You spent 70 gold pieces at shops.

Inventory:

Hand Weapons
 a - a +0 war axe (weapon)
 i - a +0 hand axe
 q - the +5 quarterstaff "Wion" {crush, rF++}
   (You found it on level 9 of the Dungeon)

   It inflicts extra damage upon your enemies.
   It greatly protects you from fire.
 E - a +1 whip of draining
Missiles
 d - 2 throwing nets (quivered)
Armour
 c - a +0 helmet (worn)
 e - a +1 cloak of magic resistance (worn)
 h - a +2 leather armour of poison resistance (worn)
 k - a +0 buckler
 s - a cursed +0 pair of gloves (worn)
 M - a cursed -2 leather armour
Jewellery
 p - a ring of stealth (left hand)
 w - an uncursed ring of fire
 F - a ring of magical power (right hand)
 G - an amulet of faith (around neck)
 O - an uncursed ring of see invisible {unknown}
Wands
 b - a wand of flame (1/48)
 n - a wand of iceblast (0/15)
 x - a wand of enslavement (0/24)
 y - a wand of random effects (0/48)
 A - a wand of polymorph (0/24)
Scrolls
 j - a scroll of amnesia
 m - a scroll of noise {unknown}
 o - 4 scrolls of teleportation
 u - 4 scrolls of fog {unknown}
 v - 3 scrolls of remove curse {unknown}
 C - a scroll of immolation
 D - 3 scrolls of identify
 H - a scroll of vulnerability
 J - a scroll of magic mapping
 K - 2 scrolls of enchant armour {unknown}
Potions
 l - 2 potions of brilliance
 z - 3 potions of flight
 I - 2 potions of haste
Books
 L - a book of Air

   Spells                             Type                      Level
   a - Shock                          Conjuration/Air              1
   b - Swiftness                      Charms/Air                   2
   c - Static Discharge               Conjuration/Air              3
   d - Airstrike                      Air                          4
   e - Lightning Bolt                 Conjuration/Air              5
Comestibles
 f - 6 bread rations
 g - 11 royal jellies
 r - a chunk of flesh
 t - 3 meat rations


   Skills:
 - Level 4.2 Fighting
 + Level 15.8 Axes
 - Level 1.7 Throwing
 - Level 3.2 Dodging
 - Level 8.0 Evocations


You had 9 spell levels left.
You didn't know any spells.

Dungeon Overview and Level Annotations

Branches:
Dungeon (9/15)             Temple (1/1) D:4            Lair (0/6) D:8
    Orc: D:9-12

Altars:
Ashenzari
Cheibriados
Dithmenos
Elyvilon
Fedhas
Gozag
Hepliaklqana
Kikubaaqudgha
Makhleb
Nemelex Xobeh
Okawaru
Qazlal
Ru
Sif Muna
Trog
Uskayaw
Vehumet
Xom
Yredelemnul
Zin
The Shining One

Shops:
D:4 :   D:7 ?   D:8 ?*!

Annotations:
D:3 1 transporter
D:8 exclusion: hornet
D:9 exclusion: troll


Innate Abilities, Weirdness & Mutations

You are resistant to damage.
You can heal yourself by infusing magical energy.
You passively map the area around you.
You do not regenerate.


Message History

Nothing appears to happen.
This wand has 0 charges left.
Something bites you. Something claws you. Something claws you!
* * * LOW HITPOINT WARNING * * *
Something bites you!
* * * LOW HITPOINT WARNING * * *
Something claws you!
* * * LOW HITPOINT WARNING * * *
Something claws you.
* * * LOW HITPOINT WARNING * * *
Okay, then.
You feel much better. Something barely misses you.
Something claws you but does no damage. Something claws you.
You feel yourself speed up. Something bites you! Something claws you!
* * * LOW HITPOINT WARNING * * *
Something claws you!
* * * LOW HITPOINT WARNING * * *
Something barely misses you. Something claws you.
* * * LOW HITPOINT WARNING * * *
Something claws you!
You die...

#.# #.# #.# #.##.# #.# #.#
#T# #.##.# #.# #.#
#.####.##.## #.# #.#
#..........# #.# #.#
#..........##### #.# #.#
#.####.###.))... #.# ##.##
#.# #.# #######
#.###...###.# #.# #.....
#.......{@..####.####.....
#####...###..........#.###
##.## #.####.##.###.##
#.####.# #...## ##..
#....#.# ####.###.##
####.#.##### ##.#.##.
#.........# ##..##.
#.#######.# ##.##. #.# #.#
###.##.


There were no monsters in sight!

Vanquished Creatures
  Erica (D:9)
  A two-headed ogre (D:9)
  The ghost of profreshinal the Spear-Bearer, a novice MfGl of Yredelemnul (D:9)
  A queen bee (D:8)
  A troll (D:9)
  2 hornets
  2 hippogriffs
  Eustachio (D:6)
  A steam dragon (D:9)
  3 hungry ghosts
  4 orc warriors
  A sky beast (D:6)
  A necrophage (D:7)
  4 ogres
  3 phantoms
  2 centaurs (D:9)
  3 big kobolds
  5 bullfrogs
  A scorpion (D:5)
  17 killer bees (D:8)
  2 howler monkeys
  2 crimson imps (D:7)
  A bullfrog zombie (D:6)
  A hound (D:9)
  A jelly (D:9)
  7 orc priests
  A bullfrog skeleton (D:9)
  Crazy Yiuf (D:6)
  2 iguanas
  2 worker ants
  7 orc wizards
  A killer bee zombie (D:9)
  A hound zombie (D:7)
  A worker ant zombie (D:9)
  7 gnolls
  11 adders
  A shadow imp (D:8)
  2 oozes
  An adder zombie (D:5)
  2 adder skeletons (D:5)
  2 worms (D:3)
  2 dart slugs (D:4)
  6 leopard geckos
  30 orcs
  2 ball pythons
  5 bats
  5 giant cockroaches
  5 hobgoblins
  9 jackals
  6 quokkas
  2 frilled lizards
  A giant cockroach zombie (D:5)
  3 goblins
  18 kobolds
  2 leopard gecko skeletons
  5 rats
212 creatures vanquished.

Vanquished Creatures (collateral kills)
  2 orcs (D:3)
2 creatures vanquished.

Vanquished Creatures (others)
  An orc wizard (D:3)
  A gnoll (D:3)
  A shadow imp (D:3)
3 creatures vanquished.

Grand Total: 217 creatures vanquished

Notes
Turn   | Place    | Note
-------+----------+-------------------------------------------
     0 | D:1      | Irenicus the Deep Dwarf Gladiator began the quest for the Orb.
     0 | D:1      | Reached XP level 1. HP: 19/19 MP: 1/1
   673 | D:1      | Reached skill level 4 in Axes
   673 | D:1      | Reached XP level 2. HP: 26/26 MP: 2/2
  1098 | D:2      | Reached XP level 3. HP: 27/32 MP: 3/3
  1378 | D:2      | Reached skill level 5 in Axes
  1706 | D:3      | Reached XP level 4. HP: 25/39 MP: 4/4
  1781 | D:3      | Reached skill level 6 in Axes
  1887 | D:3      | Found a transporter.
  2005 | D:3      | Reached XP level 5. HP: 15/45 MP: 5/5
  2074 | D:3      | Found a transporter.
  2628 | D:4      | Reached skill level 7 in Axes
  2690 | D:4      | Reached XP level 6. HP: 42/52 MP: 5/5
  2694 | D:4      | Found a staircase to the Ecumenical Temple.
  2722 | Temple   | Entered the Ecumenical Temple
  2768 | Temple   | Became a worshipper of Makhleb the Destroyer
  2903 | D:5      | Entered Level 5 of the Dungeon
  3109 | D:4      | Reached skill level 8 in Axes
  3274 | D:4      | Found Jelyosk's Book Shop.
  3380 | D:5      | Noticed a hungry ghost
  3408 | D:5      | Killed a hungry ghost
  3408 | D:5      | Reached XP level 7. HP: 21/62 MP: 6/6
  4304 | D:6      | Reached skill level 1 in Evocations
  4311 | D:6      | Reached * piety under Makhleb
  4335 | D:6      | Noticed Eustachio
  4450 | D:6      | Reached skill level 5 in Evocations
  4527 | D:6      | Killed Eustachio
  4527 | D:6      | Reached XP level 8. HP: 36/72 MP: 10/10
  4537 | D:6      | Noticed Blork the orc
  4538 | D:6      | Noticed Blork
  4538 | D:6      | Blork the orc changed into Blork the kobold
  4542 | D:6      | Killed Blork the kobold
  4863 | D:6      | Found a runed door.
  4867 | D:6      | Noticed Crazy Yiuf
  4878 | D:6      | Killed Crazy Yiuf
  4967 | D:7      | Noticed Prince Ribbit
  4970 | D:7      | Noticed Prince Ribbit
  4970 | D:7      | Prince Ribbit changed into Prince Ribbit the hornet
  4991 | D:7      | Killed Prince Ribbit the hornet
  4991 | D:7      | Reached skill level 9 in Axes
  5029 | D:7      | Noticed a hippogriff
  5051 | D:7      | Killed a hippogriff
  5051 | D:7      | Reached skill level 10 in Axes
  5108 | D:7      | Gained mutation: You passively map the area around you. [Deep Dwarf growth]
  5108 | D:7      | Reached XP level 9. HP: 46/77 MP: 11/11
  5160 | D:7      | Found a sparkling altar of Nemelex Xobeh.
  5199 | D:7      | Reached ** piety under Makhleb
  5242 | D:7      | Found Jauhialoe's Magic Scroll Emporium.
  5379 | D:7      | Reached skill level 11 in Axes
  5614 | D:8      | Found Qeakuyg's Distillery.
  5699 | D:8      | Noticed a queen bee
  5807 | D:8      | Killed a queen bee
  5807 | D:8      | Reached skill level 12 in Axes
  5987 | D:8      | Reached *** piety under Makhleb
  6110 | D:8      | Found a staircase to the Lair.
  6132 | D:8      | Found Weodizxa's Magic Scroll Shoppe.
  6146 | D:8      | Reached skill level 13 in Axes
  6370 | D:8      | Found Jeheduu's General Store.
  6380 | D:8      | Bought a potion of heal wounds for 70 gold pieces
  6587 | D:8      | Reached XP level 10. HP: 22/86 MP: 12/12
  6693 | D:8      | Paralysed by a hornet for 1 turns
  6694 | D:8      | HP: 3/86 [hornet (9)]
  6991 | D:9      | Noticed profreshinal's ghost (novice MfGl)
  7017 | D:9      | Noticed Erica
  7145 | D:9      | Reached skill level 14 in Axes
  7206 | D:9      | Killed profreshinal's ghost
  7206 | D:9      | Reached **** piety under Makhleb
  7257 | D:9      | Got a pitted quarterstaff
  7258 | D:9      | Identified the +5 quarterstaff "Wion" {crush, rF++} (You found it on level 9 of the Dungeon)
  7364 | D:9      | Killed Erica
  7364 | D:9      | Reached skill level 15 in Axes
  7487 | D:9      | Noticed a two-headed ogre
  7649 | D:9      | HP: 3/86 [two-headed ogre/giant club (11)]
  7652 | D:9      | Killed a two-headed ogre
  7750 | D:9      | Slain by a troll

Skill      XL: |  1  2  3  4  5  6  7  8  9 10 |
---------------+-------------------------------+-----
Axes           | 4 5 6 7 8 10 13 15 | 15.8
Fighting       | 3 4 |  4.2
Evocations     | 6 8 |  8.0
Throwing       | |  1.7
Dodging        | |  3.2

Action                   |  1- 3 |  4- 6 |  7- 9 | 10-12 || total
-------------------------+-------+-------+-------+-------++-------
Melee: War axe           |     8 |       |       |    97 ||   105
       Hand axe          |    93 |   267 |   592 |   156 ||  1108
Throw: Throwing net      |       |     1 |     6 |       ||     7
Invok: Minor Destruction |       |       |       |     1 ||     1
 Abil: Heal Wounds       |       |     2 |    20 |     5 ||    27
Evoke: Wand              |       |     3 |    20 |    23 ||    46
  Use: Potion            |     1 |     6 |     4 |     3 ||    14
       Scroll            |       |     5 |     1 |     6 ||    12
 Stab: Sleeping          |       |     7 |     4 |     1 ||    12
       Held in net/web   |       |     1 |     2 |       ||     3
       Confused          |       |       |     5 |       ||     5
       Paralysed         |       |       |     4 |       ||     4
       Distracted        |       |       |     1 |     2 ||     3
  Eat: Chunk             |     2 |     6 |    11 |     5 ||    24
       Fruit             |       |     3 |     2 |       ||     5
       Meat ration       |       |       |       |     1 ||     1
Armor: Leather armour    |    27 |    62 |   153 |    55 ||   297
Dodge: Dodged            |    59 |   165 |   317 |   126 ||   667
